 Dungeon Crawl Stone Soup version 0.21.1-1-g345015f (webtiles) character file.

209426 Kairos the Severer (level 19, -1/152 HPs)
             Began as a Human Fighter on Apr 3, 2018.
             Was a High Priest of Okawaru.
             Slain by a merfolk impaler
             ... wielding a +5 trident of protection
              (18 damage)
             ... on level 3 of the Shoals.
             The game lasted 02:56:47 (45385 turns).

Kairos the Severer (Human Fighter)                 Turns: 45385, Time: 02:56:48

Health: -1/152     AC: 32    Str: 21    XL:     19   Next: 53%
Magic:  32/32      EV: 13    Int: 16    God:    Okawaru [*****.]
Gold:   674        SH: 22    Dex: 21    Spells: 18/18 levels left

rFire    + . .     SeeInvis .   N - +3 broad axe
rCold    . . .     Gourm    .   E - +1 shield
rNeg     + . .     Faith    .   H - +4 plate armour of Prudence {rElec rN+ Str+4}
rPois    +         Spirit   .   x - +2 hat {MR+}
rElec    +         Reflect  +   o - +2 cloak "Osyc" {*Drain MR+ Int+4}
rCorr    .         Harm     .   l - +2 pair of gloves of Beogh's Benevolence {+Blink Regen+ MP+9}
MR       +++..                  Y - +2 pair of boots {run}
Stlth    ..........             F - +6 amulet of reflection
HPRegen  0.75/turn              L - ring "Giumel" {rElec rF+ EV+2 Dex+4}
MPRegen  0.23/turn              u - ring of poison resistance

@: lethally poisoned (-1 -> -1), quick
A: no striking features
}: 1/15 runes: serpentine
a: Heroism, Finesse, Renounce Religion, Evoke Blink


You were on level 3 of the Shoals.
You worshipped Okawaru.
Okawaru was extremely pleased with you.
You were not hungry.

You visited 6 branches of the dungeon, and saw 30 of its levels.
You also visited: Ossuary and Ice Cave.

You collected 2943 gold pieces.
You spent 2269 gold pieces at shops.

Inventory:

Hand Weapons
 b - the +5 spear of Theory {freeze, rN+}
   (You found it on level 8 of the Dungeon)

   It has been specially enchanted to freeze those struck by it, causing extra
   injury to most foes and up to half again as much damage against particularly
   susceptible opponents.
   It can also slow down cold-blooded creatures.
   It protects you from negative energy.
 j - the +3 battleaxe "Nikasane" {chop, Int+3, unknown}
   (Okawaru gifted it to you on level 2 of the Shoals)

   It inflicts extra damage upon your enemies.
   It affects your intelligence (+3).
 N - a +3 broad axe (weapon)
 V - a +2 mace of holy wrath
Missiles
 K - 35 silver javelins
 R - 6 silver tomahawks (quivered)
Armour
 e - +0 gold dragon scales
 l - the +2 pair of gloves of Beogh's Benevolence (worn) {+Blink Regen+ MP+9}
   (You bought it in a shop on level 2 of the Orcish Mines)

   It affects your magic capacity (+9).
   It lets you blink.
   It increases your rate of regeneration.
 o - the +2 cloak "Osyc" (worn) {*Drain MR+ Int+4}
   (Okawaru gifted it to you on level 3 of the Lair of Beasts)

   It affects your intelligence (+4).
   It affects your resistance to hostile enchantments.
   It causes draining when unequipped.
 x - a +2 hat of magic resistance (worn)
 E - a +1 shield (worn)
 H - the +4 plate armour of Prudence (worn) {rElec rN+ Str+4}
   (You found it in an ice cave)

   It affects your strength (+4).
   It insulates you from electricity.
   It protects you from negative energy.
 Y - a +2 pair of boots of running (worn)
Jewellery
 k - an uncursed ring of protection from cold
 u - a ring of poison resistance (right hand)
 v - an uncursed ring of resist corrosion
 A - an uncursed ring of flight
 F - a +6 amulet of reflection (around neck)
 L - the ring "Giumel" (left hand) {rElec rF+ EV+2 Dex+4}
   (You bought it in a shop on level 4 of the Dungeon)

   [ring of evasion]

   It affects your evasion (+2).
   It affects your dexterity (+4).
   It protects you from fire.
   It insulates you from electricity.
 Q - an uncursed ring of protection from fire
 S - the ring "Oschumn" {rC+ rN+ SInv}
   (You bought it in a shop on level 2 of the Orcish Mines)

   [ring of protection from cold]

   It protects you from cold.
   It protects you from negative energy.
   It lets you see invisible.
 W - a +5 ring of protection
Wands
 i - a wand of random effects (42)
 t - a wand of iceblast (20)
 M - a wand of scattershot (5)
 O - a wand of disintegration (7)
Scrolls
 n - 7 scrolls of teleportation
 p - 5 scrolls of fog
 w - 2 scrolls of amnesia
 y - a scroll of blinking
 z - 5 scrolls of fear
 B - a scroll of identify
 D - 12 scrolls of remove curse
 G - a scroll of silence
 I - 2 scrolls of holy word
 T - 2 scrolls of magic mapping
 X - a scroll of summoning
Potions
 a - 4 potions of haste
 c - a potion of magic {unknown}
 d - 7 potions of might
 g - 2 potions of flight
 h - 5 potions of agility
 m - 3 potions of curing
 q - 5 potions of berserk rage
 r - 3 potions of ambrosia
 s - 4 potions of invisibility
 C - 4 potions of heal wounds
 J - 4 potions of resistance
 U - 4 potions of brilliance
 Z - 2 potions of cancellation
Books
 P - Murhumm's Grimoire of Displaced Beguiling
   (You found it on level 4 of the Shoals)

   Spells                             Type                      Level
   a - Spectral Weapon                Hexes/Charms                 3
   b - Passage of Golubria            Translocation                4
   c - Summon Forest                  Summoning/Translocation      5
   d - Controlled Blink               Translocation                8
Comestibles
 f - 27 rations


   Skills:
 + Level 14.1 Fighting
 - Level 18.3(18.8) Axes
 - Level 0.2(12.3) Maces & Flails
 - Level 8.0(14.3) Polearms
 + Level 1.7 Throwing
 + Level 13.0 Armour
 * Level 7.1 Dodging
 + Level 4.0 Stealth
 + Level 15.8 Shields
 - Level 5.4 Invocations
 + Level 0.4 Evocations


You had 18 spell levels left.
You didn't know any spells.

Dungeon Overview and Level Annotations

Branches:
Dungeon (13/15)            Temple (1/1) D:5            Lair (6/6) D:11
 Shoals (4/4) Lair:3        Snake (4/4) Lair:3        Slime (0/5) Lair:6
    Orc (2/2) D:12            Elf (0/3) Orc:2
 Vaults: D:13-14

Altars:
Ashenzari
Cheibriados
Dithmenos
Fedhas
Gozag
Hepliaklqana
Kikubaaqudgha
Makhleb
Nemelex Xobeh
Okawaru
Qazlal
Ru
Sif Muna
Trog
Uskayaw
Vehumet
Wu Jian
Xom
Yredelemnul
Zin
The Shining One
Jiyva

Shops:
D:4 =   D:5 *   D:9 =   D:11 =   D:12 [   Orc:1 [   Orc:2 *[[(=   Snake:4 :

Annotations:
Lair:6 exclusion: 4 oklob plants


Message History

You block the merfolk impaler's attack.
There is a stone staircase leading up, spattered with blood here.
You feel sick.
You block the merfolk javelineer's attack.
You block the merfolk impaler's attack.
The sea snake bites you but does no damage.
The merfolk impaler hits you but does no damage.
You climb upwards.
Your hands slow down.
You feel sick.
There is a stone staircase leading down, spattered with blood here.
You closely miss the merfolk impaler.
The merfolk impaler is moderately wounded.
You slash the sea snake! You block the merfolk impaler's attack.
You block the sea snake's attack.
You closely miss the merfolk impaler.
The merfolk impaler is moderately wounded.
You miss the sea snake.
You feel sick.
The merfolk impaler hits you with a trident of protection!!
You die...

.(..#...##.≈≈≈≈..###........#....
(.....###..≈≈≈≈..##..≈≈.....##.≈#
#.....###...≈≈≈..###.≈..>........
......(...≈≈≈≈≈.[.##.≈≈..........
#####.....≈≈≈≈≈≈.................
........≈≈≈≈P≈≈≈........≈........
≈≈≈.....≈≈≈≈≈P≈..###.............
≈≈≈≈...≈≈≈≈≈≈≈≈S%###P....≈.......
≈≈≈≈≈.≈≈≈≈≈≈≈≈≈.@%#P....≈≈≈....^.
%.≈≈≈.≈≈≈≈≈≈≈≈P≈.m.≈≈..≈≈≈≈≈.....
%.≈≈≈..≈≈≈≈≈≈≈PPPPP≈.P≈≈≈≈.......
≈≈≈≈≈...≈≈≈≈≈≈≈PPPP≈P≈P≈≈≈..>....
≈≈≈≈≈...≈≈≈≈≈≈≈≈≈P≈≈≈P≈≈≈≈≈......
≈≈≈≈≈...≈≈≈≈≈≈≈≈≈≈≈≈≈P≈≈≈..#.....
.≈≈≈≈...≈≈≈≈≈≈≈≈≈≈≈≈.#P.≈≈.#....≈
.≈≈≈≈....≈≈≈≈≈≈≈≈≈≈≈##.≈≈≈.....≈≈
≈≈≈≈≈...≈≈≈≈≈≈≈≈≈≈≈≈...≈≈≈≈....≈≈


You could see a merfolk impaler and a sea snake.

Vanquished Creatures
  The ghost of Curus the Executioner, an adept HOBe of Trog (Snake:4)
  The ghost of Serooblart the Slayer, an adept MiBe of Trog (Shoals:2)
  Rupert (Lair:3)
  Polyphemus (Shoals:3)
  2 krakens
  7 nagarajas
  Kirke (D:12)
  Ilsuiw (Shoals:3)
  An orc warlord (Orc:1)
  Snorg (Lair:5)
  6 merfolk impalers
  Harold (Lair:4)
  6 catoblepae
  2 alligator snapping turtles
  15 naga warriors
  4 hydras
  4 merfolk aquamancers
  A satyr (Shoals:4)
  14 anacondas
  7 death yaks
  6 merfolk avatars
  5 two-headed ogres
  5 orc high priests
  Sonja (Lair:1)
  4 naga sharpshooters
  7 shock serpents
  12 sea snakes
  8 salamander mystics
  4 swamp dragons (Lair:3)
  An unseen horror (D:12)
  6 naga ritualists
  Pikel (D:6)
  6 orc knights
  13 harpies
  6 orc sorcerers
  A deep elf mage (D:12)
  4 lindwurms (Snake:4)
  6 ugly things
  A cyclops (D:11)
  9 manticores
  14 fauns
  13 mana vipers
  6 salamanders
  4 elephants
  8 merfolk sirens
  7 guardian serpents
  3 ice statues (IceCv)
  21 naga magi
  3 centaur zombies
  5 water nymphs
  A gargoyle (D:11)
  35 black mambas
  6 spiny frogs
  12 komodo dragons
  3 rime drakes
  30 merfolk
  2 ice devils (Lair:1)
  A polar bear (Lair:1)
  10 trolls
  7 wind drakes
  2 hornets
  21 dream sheep
  4 blink frogs
  8 snapping turtles
  12 hippogriffs
  6 water elementals
  A basilisk (Lair:2)
  A hungry ghost (Shoals:3)
  43 yaks
  4 hogs (D:7)
  A human (D:7)
  A steam dragon (D:10)
  7 wargs
  Edmund (D:4)
  39 nagas
  4 vampire mosquitoes (D:12)
  10 water moccasins
  7 porcupines
  21 orc warriors
  3 sky beasts
  7 ice beasts
  A necrophage (D:8)
  A phantom (D:10)
  9 ogres
  6 centaurs
  11 crocodiles
  10 bullfrogs
  4 scorpions
  7 killer bees (D:11)
  7 wights
  3 electric eels
  5 howler monkeys
  5 bullfrog zombies
  4 crimson imps
  12 orc priests
  2 bullfrog skeletons (D:6)
  Crazy Yiuf (D:7)
  12 hounds
  5 jellies
  A centaur skeleton (D:9)
  11 orc wizards
  4 iguanas
  10 worker ants
  2 hound zombies
  A hound skeleton (D:11)
  9 mummies
  A worker ant zombie (D:9)
  A howler monkey zombie (D:5)
  9 adders
  A shadow imp (D:5)
  An ooze (D:7)
  An adder zombie (D:8)
  6 worms
  4 dart slugs
  5 leopard geckos
  45 orcs
  5 giant cockroaches
  8 goblins
  8 hobgoblins
  7 jackals
  4 quokkas
  4 ball pythons
  9 bats
  4 frilled lizards
  A goblin zombie (D:6)
  3 hobgoblin zombies
  8 kobolds
  A kobold zombie (Ossuary)
  5 orc zombies (Ossuary)
  13 rats
  7 plants
  6 tentacles
887 creatures vanquished.

Vanquished Creatures (others)
  4 merfolk javelineers
  2 naga sharpshooters
  A faun (Shoals:4)
  A cyclops (D:12)
  A naga mage (Snake:4)
  2 centaurs (D:12)
  An orc (D:12)
  17 fungi
  22 plants
  14 tentacles
65 creatures vanquished.

Grand Total: 952 creatures vanquished

Notes
Turn   | Place    | Note
-------+----------+-------------------------------------------
     0 | D:1      | Kairos the Human Fighter began the quest for the Orb.
     0 | D:1      | Reached XP level 1. HP: 18/18 MP: 1/1
    89 | D:1      | Reached XP level 2. HP: 16/24 MP: 2/2
   392 | D:1      | Reached XP level 3. HP: 23/29 MP: 3/3
   987 | D:2      | Reached skill level 3 in Axes
  1198 | D:2      | Found a glowing golden altar of the Shining One.
  1215 | D:2      | Reached XP level 4. HP: 29/35 MP: 4/4
  1568 | D:2      | Reached XP level 5. HP: 41/41 MP: 5/5
  1835 | D:3      | Reached skill level 4 in Axes
  2410 | D:3      | Found a burning altar of Makhleb.
  2417 | D:3      | Reached XP level 6. HP: 42/48 MP: 6/6
  2575 | D:4      | Noticed Edmund
  2599 | D:4      | Killed Edmund
  2599 | D:4      | Reached skill level 5 in Axes
  2599 | D:4      | Reached skill level 1 in Dodging
  2599 | D:4      | Reached XP level 7. HP: 32/53 MP: 7/7
  2816 | D:4      | Found Voovof's Jewellery Boutique.
  3394 | D:4      | Found a sparkling altar of Nemelex Xobeh.
  3394 | D:4      | Found a hide-covered altar of Uskayaw.
  3695 | D:4      | Found a blossoming altar of Fedhas.
  3782 | D:4      | Found a shattered altar of Ashenzari.
  3865 | D:5      | Entered Level 5 of the Dungeon
  3875 | D:5      | Found Dyogeahu's General Store.
  4134 | D:5      | Reached skill level 6 in Axes
  4134 | D:5      | Reached XP level 8. HP: 44/60 MP: 8/8
  4299 | D:5      | Found a staircase to the Ecumenical Temple.
  4372 | Temple   | Entered the Ecumenical Temple
  4493 | Temple   | Became a worshipper of Warmaster Okawaru
  4676 | D:5      | Found a shadowy altar of Dithmenos.
  5259 | D:6      | Reached skill level 7 in Axes
  5382 | D:6      | Reached * piety under Okawaru
  5601 | D:6      | Found a sand-covered staircase.
  5642 | Ossuary  | Entered an ossuary
  6177 | D:4      | Bought the ring "Giumel" {rElec rF+ EV+2 Dex+4} for 394 gold pieces
  6287 | D:7      | Reached skill level 5 in Shields
  6287 | D:7      | Reached XP level 9. HP: 63/66 MP: 9/9
  6343 | D:7      | Found a runed door.
  6386 | D:7      | Reached skill level 5 in Armour
  6470 | D:7      | Reached skill level 8 in Axes
  6473 | D:7      | Reached ** piety under Okawaru
  6767 | D:7      | Reached skill level 5 in Fighting
  6771 | D:7      | Reached skill level 9 in Axes
  6776 | D:7      | Reached *** piety under Okawaru
  7034 | D:7      | Found a sparkling altar of Nemelex Xobeh.
  7520 | D:7      | Noticed Crazy Yiuf
  7525 | D:7      | Killed Crazy Yiuf
  7525 | D:7      | Reached XP level 10. HP: 61/74 MP: 10/10
  7742 | D:8      | Got a dazzling spear
  7743 | D:8      | Identified the +5 spear of Theory {freeze, rN+} (You found it on level 8 of the Dungeon)
  8159 | D:8      | Reached skill level 1 in Stealth
  8240 | D:8      | Noticed a two-headed ogre
  8266 | D:8      | Killed a two-headed ogre
  8266 | D:8      | Reached skill level 10 in Axes
  8859 | D:9      | Found Fyoxez's Jewellery Shop.
  8907 | D:9      | Reached **** piety under Okawaru
  9456 | D:10     | Entered Level 10 of the Dungeon
  9477 | D:10     | Noticed a two-headed ogre
  9489 | D:10     | Killed a two-headed ogre
  9818 | D:9      | Reached XP level 11. HP: 81/82 MP: 11/11
  9947 | D:4      | Bought an uncursed ring of poison resistance for 200 gold pieces
 10402 | D:6      | Noticed Pikel
 10422 | D:6      | Killed Pikel
 10774 | D:10     | Noticed a two-headed ogre
 10795 | D:10     | Killed a two-headed ogre
 10795 | D:10     | Reached ***** piety under Okawaru
 11075 | D:10     | Reached skill level 11 in Axes
 11892 | D:10     | Noticed a two-headed ogre
 11902 | D:10     | Killed a two-headed ogre
 11902 | D:10     | Received a gift from Okawaru
 12467 | D:11     | Reached skill level 5 in Polearms
 12606 | D:11     | Noticed a cyclops
 12607 | D:11     | Found a staircase to the Lair.
 12622 | D:11     | Killed a cyclops
 12685 | D:11     | Reached skill level 1 in Throwing
 12701 | D:11     | Found Syarrot's Jewellery Shop.
 12707 | D:11     | Noticed a manticore
 12723 | D:11     | Killed a manticore
 13150 | D:11     | Noticed a cyan ugly thing
 13174 | D:11     | Killed a cyan ugly thing
 13174 | D:11     | Received a gift from Okawaru
 13174 | D:11     | Reached XP level 12. HP: 83/91 MP: 9/12
 13360 | D:11     | Reached skill level 1 in Invocations
 13461 | Lair:1   | Entered Level 1 of the Lair of Beasts
 13665 | Lair:1   | Found a frozen archway.
 13827 | IceCv    | Entered an ice cave
 13905 | IceCv    | Received a gift from Okawaru
 13919 | IceCv    | Identified a +0 pair of boots of running (Okawaru gifted it to you in an ice cave)
 14795 | IceCv    | Got a brightly glowing chain mail
 14818 | IceCv    | Identified the +4 chain mail of the Gate {rC- Dex+4} (You found it in an ice cave)
 14833 | IceCv    | Got a brightly glowing plate armour
 14844 | IceCv    | Identified the +4 plate armour of Prudence {rElec rN+ Str+4} (You found it in an ice cave)
 16018 | Lair:2   | Reached XP level 13. HP: 51/99 MP: 14/14
 16256 | Lair:2   | Noticed a seven-headed hydra
 16269 | Lair:2   | Killed a seven-headed hydra
 16269 | Lair:2   | Reached skill level 12 in Axes
 17300 | Lair:3   | Found a transporter.
 17340 | Lair:3   | Found a transporter.
 17373 | Lair:3   | Noticed Rupert
 17427 | Lair:3   | Killed Rupert
 17767 | Lair:3   | Found a staircase to the Shoals.
 17809 | Lair:3   | Received a gift from Okawaru
 17828 | Lair:3   | Got a brightly glowing cloak {god gift}
 17839 | Lair:3   | Identified the +2 cloak "Osyc" {*Drain MR+ Int+4} (Okawaru gifted it to you on level 3 of the Lair of Beasts)
 18109 | Lair:3   | Found a staircase to the Snake Pit.
 18798 | Lair:4   | Noticed a catoblepas
 18842 | Lair:4   | Killed a catoblepas
 19226 | Lair:4   | Noticed Harold
 19249 | Lair:4   | Killed Harold
 19249 | Lair:4   | Reached skill level 13 in Axes
 19326 | Lair:4   | Got a polished hand crossbow
 19561 | Lair:4   | Noticed a seven-headed hydra
 19565 | Lair:4   | Noticed a sphinx
 19565 | Lair:4   | a seven-headed hydra changed into a sphinx
 20490 | Lair:5   | Identified the +6 hand crossbow of Ryczeuse {penet, rF- Int+5} (You found it on level 4 of the Lair of Beasts)
 20531 | Lair:5   | Noticed Snorg
 20541 | Lair:5   | Killed Snorg
 20990 | Lair:6   | Entered Level 6 of the Lair of Beasts
 20998 | Lair:6   | Noticed a catoblepas
 21008 | Lair:6   | Noticed a six-headed hydra
 21372 | Lair:5   | Killed a catoblepas
 21678 | Lair:5   | Killed a six-headed hydra
 21678 | Lair:5   | Reached XP level 14. HP: 92/108 MP: 16/16
 22526 | Lair:6   | Received a gift from Okawaru
 22819 | Lair:6   | Reached skill level 10 in Armour
 22843 | Lair:6   | Found a staircase to the Slime Pits.
 22844 | Lair:6   | Found a viscous altar of Jiyva.
 22926 | Lair:6   | Reached skill level 10 in Shields
 23498 | Lair:6   | Reached skill level 14 in Axes
 24575 | Lair:6   | Reached skill level 10 in Fighting
 25405 | Lair:6   | Identified Cith's Incunabulum of the Escort and the Mountains
 25918 | Snake:1  | Entered Level 1 of the Snake Pit
 26110 | Snake:1  | Received a gift from Okawaru
 26442 | Snake:1  | Reached XP level 15. HP: 111/115 MP: 18/18
 27458 | Shoals:1 | Entered Level 1 of the Shoals
 27739 | Lair:1   | Noticed Sonja
 27763 | Lair:1   | Killed Sonja
 27978 | D:4      | Bought a +6 amulet of reflection for 585 gold pieces
 28180 | D:12     | Reached skill level 15 in Axes
 28959 | D:12     | Found Iphidogum's Armour Emporium.
 29006 | D:12     | Noticed Kirke
 29026 | D:12     | Killed Kirke
 29397 | D:12     | Found a staircase to the Orcish Mines.
 29409 | Orc:1    | Entered Level 1 of the Orcish Mines
 29426 | Orc:1    | Found Avimuq's Antique Armour Shoppe.
 29631 | Orc:2    | Entered Level 2 of the Orcish Mines
 29631 | Orc:2    | Found Buahy's Antique Armour Shop.
 30266 | Orc:2    | Noticed an orc warlord
 30344 | Orc:1    | Killed an orc warlord
 31248 | Orc:2    | Found Remif's General Store.
 31287 | Orc:2    | Found Zonaucuwk's Antique Armour Boutique.
 31318 | Orc:2    | Found Viuthren's Antique Weapon Boutique.
 31413 | Orc:2    | Found Qopamp's Jewellery Boutique.
 31587 | Orc:2    | Found a staircase to the Elven Halls.
 31778 | Orc:1    | Reached XP level 16. HP: 125/125 MP: 19/19
 32027 | Orc:2    | Bought a pair of ancient gloves for 351 gold pieces
 32039 | Orc:2    | Identified the +2 pair of gloves of Beogh's Benevolence {+Blink Regen+ MP+9} (You bought it in a shop on level 2 of the Orcish Mines)
 32240 | Orc:2    | Bought a scroll of enchant armour for 90 gold pieces
 32240 | Orc:2    | Bought a scroll of fear for 42 gold pieces
 32240 | Orc:2    | Bought a scroll of fear for 42 gold pieces
 32284 | Orc:2    | Bought the ring "Oschumn" {rC+ rN+ SInv} for 565 gold pieces
 33252 | Lair:3   | Identified the +0 pair of boots "Apiadaav" {*Contam +Fly rN+} (You found it on level 3 of the Lair of Beasts)
 33609 | Snake:1  | Received a gift from Okawaru
 33640 | Snake:1  | Reached skill level 5 in Invocations
 33775 | Snake:1  | Reached skill level 5 in Dodging
 34066 | Snake:1  | Reached skill level 16 in Axes
 34740 | Snake:2  | Received a gift from Okawaru
 35451 | Snake:3  | Noticed a nagaraja
 35470 | Snake:3  | Killed a nagaraja
 36409 | Snake:4  | Entered Level 4 of the Snake Pit
 36512 | Snake:4  | Reached XP level 17. HP: 113/133 MP: 20/20
 36617 | Snake:4  | Found Hicsoq's Book Shop.
 37236 | Snake:4  | Received a gift from Okawaru
 37259 | Snake:4  | Reached skill level 17 in Axes
 37420 | Snake:4  | Noticed Curus's ghost (adept HOBe)
 39013 | Snake:4  | Reached ****** piety under Okawaru
 39044 | Snake:4  | Received a gift from Okawaru
 39226 | Snake:4  | Reached XP level 18. HP: 142/142 MP: 21/21
 39233 | Snake:4  | Identified the +5 scale mail "Apefrymp" {rN+ Stlth+} (Okawaru gifted it to you on level 4 of the Snake Pit)
 39534 | Snake:4  | Got a serpentine rune of Zot
 39988 | Snake:4  | Killed Curus's ghost
 39988 | Snake:4  | Reached skill level 18 in Axes
 40605 | Shoals:1 | Identified the cursed +1 ring mail of the Big Bang {+Blink rC+++ Str-5 Slay+2} (You found it on level 1 of the Shoals)
 41127 | Shoals:1 | Noticed a kraken
 41222 | Shoals:1 | Killed a kraken
 41827 | Shoals:2 | Received a gift from Okawaru
 41830 | Shoals:2 | Got a pitted battleaxe {god gift}
 41936 | Shoals:2 | Noticed Serooblart's ghost (adept MiBe)
 42103 | Shoals:2 | Killed Serooblart's ghost
 42103 | Shoals:2 | Reached skill level 15 in Shields
 42168 | Shoals:2 | Noticed a kraken
 42195 | Shoals:2 | Killed a kraken
 42613 | Shoals:3 | Noticed Polyphemus
 42870 | Shoals:3 | Killed Polyphemus
 43518 | Shoals:3 | Reached XP level 19. HP: 111/151 MP: 23/23
 43526 | Shoals:3 | Received a gift from Okawaru
 43857 | Shoals:4 | Entered Level 4 of the Shoals
 43860 | Shoals:4 | Noticed Ilsuiw
 44624 | Shoals:3 | Received a gift from Okawaru
 44718 | Shoals:3 | Killed Ilsuiw
 45200 | Shoals:4 | Identified Murhumm's Grimoire of Displaced Beguiling
 45385 | Shoals:3 | Slain by a merfolk impaler

Skill      XL: |  1  2  3  4  5  6  7  8  9 10 11 12 13 14 15 16 17 18 19 |
---------------+----------------------------------------------------------+-----
Axes           | 3 4 5 6 7 9 10 11 13 14 15 16 17 18 | 18.3
Shields        | 4 5 6 7 8 9 10 11 12 14 15 | 15.8
Dodging        | 1 2 3 4 5 6 7 |  7.1
Fighting       | 4 5 6 7 8 9 10 11 12 13 14 | 14.1
Armour         | 4 5 6 7 8 9 10 11 12 13 | 13.0
Stealth        | 1 2 3 4 |  4.0
Polearms       | 3 6 7 8 |  8.0
Throwing       | 1 |  1.7
Invocations    | 2 3 4 5 |  5.4
Maces & Flails | |  0.2
Evocations     | |  0.4

Action                   |  1- 3 |  4- 6 |  7- 9 | 10-12 | 13-15 | 16-18 | 19-21 || total
-------------------------+-------+-------+-------+-------+-------+-------+-------++-------
Melee: War axe           |   126 |   132 |   148 |       |   146 |   205 |       ||   757
       Hand axe          |       |       |   137 |       |       |       |       ||   137
       Broad axe         |       |       |    97 |   348 |  1307 |  1790 |   419 ||  3961
       Spear             |       |       |       |   550 |    97 |       |       ||   647
       Mace              |       |       |       |    19 |       |    33 |       ||    52
Throw: Tomahawk          |       |       |       |     8 |     3 |       |       ||    11
       Throwing net      |       |       |       |       |     2 |       |       ||     2
Invok: Heroism           |       |       |       |    17 |    31 |    15 |     6 ||    69
       Finesse           |       |       |       |     2 |     9 |     7 |     3 ||    21
 Abil: Evoke Blink       |       |       |       |       |       |       |     2 ||     2
Evoke: Wand              |       |       |       |       |     5 |       |       ||     5
  Use: Scroll            |     3 |     2 |    12 |     9 |     9 |    10 |     2 ||    47
       Potion            |       |       |     2 |     2 |     6 |     1 |     3 ||    14
 Stab: Petrified         |       |       |       |       |       |    15 |       ||    15
       Held in net/web   |       |       |       |       |       |     1 |       ||     1
  Eat: Chunk             |     1 |     5 |     8 |    12 |    21 |    15 |     7 ||    69
       Ration            |       |       |     2 |     5 |     8 |     7 |       ||    22
Armor: Scale mail        |   105 |    58 |    86 |       |       |       |       ||   249
       Chain mail        |       |       |    65 |   259 |       |       |       ||   324
       Skin              |       |       |       |     3 |       |       |       ||     3
       Plate armour      |       |       |       |    47 |   589 |   591 |   138 ||  1365
Dodge: Dodged            |    42 |    32 |   112 |   213 |   388 |   360 |   121 ||  1268
Block: Shield            |    72 |    56 |   168 |   419 |  1018 |  1662 |   448 ||  3843
       Reflection        |       |       |       |       |    25 |   143 |    51 ||   219
